 Dungeon Crawl Stone Soup version 0.28.0-43-g3370ac3207 (webtiles) character file.

Game seed: 5791387386564969133

1153 croobank the Sneak (level 8, -3/41 HPs)
             Began as an Octopode Fire Elementalist on Mar 22, 2022.
             Was a Follower of Hepliaklqana.
             Succumbed to a water moccasin's poison
             ... on level 6 of the Dungeon.
             The game lasted 00:17:26 (6335 turns).

croobank the Sneak (Octopode Fire Elementalist)     Turns: 6335, Time: 00:17:27

Health: -3/41      AC:  1    Str: 13    XL:     8   Next: 38%
Magic:  10/14      EV: 14    Int: 19    God:    Hepliaklqana [*.....]
Gold:   332        SH:  0    Dex: 13    Spells: 5/15 levels left

rFire   + . .      SeeInvis .   a - +5 short sword (elec)
rCold   + . .      Faith    .   (no shield)
rNeg    + . .      Spirit   .   (helmet restricted)
rPois   .          Reflect  .   (no amulet)
rElec   .          Harm     .   h - +6 ring of strength
rCorr   .          Rampage  .   v - ring of protection from cold
Will    .....                   w - ring of protection from fire
Stlth   ++++......              C - ring of positive energy
HPRegen 0.13/turn               (no ring)
MPRegen 0.14/turn               (no ring)
                                (no ring)
                                (no ring)

@: lethally poisoned (-3 -> -32)
A: reduced essence, almost no armour, amphibious, 8 rings, camouflage 1,
gelatinous body 1, (nimble swimmer 1), tentacles
a: Renounce Religion, Recall Ancestor, Ancestor Identity


You were on level 6 of the Dungeon.
You worshipped Hepliaklqana.
Hepliaklqana was aware of your devotion.
You visited 2 branches of the dungeon, and saw 7 of its levels.
You also visited: Sewer and Ossuary.

You collected 332 gold pieces.

Inventory:

Hand Weapons
 a - a +5 short sword of electrocution (weapon)
 b - a +0 hunting sling
 g - a +2 dagger of protection
 i - a +0 shortbow
 j - a +0 short sword
 F - a +0 quarterstaff
Missiles
 e - 175 stones
 k - 6 poisoned darts
 q - a boomerang
 r - 52 arrows
 s - 43 bolts
 y - 22 sling bullets
Jewellery
 h - a +6 ring of strength (left tentacle)
 v - a ring of protection from cold (right tentacle)
 w - a ring of protection from fire (on tentacle)
 C - a ring of positive energy (on tentacle)
Wands
 x - a wand of flame (38)
Scrolls
 c - a scroll of holy word {unknown}
 o - a scroll of fear {unknown}
 p - a scroll of enchant armour
 A - 2 scrolls of amnesia {unknown}
 B - 2 scrolls of summoning
 E - a scroll of silence {unknown}
 G - a scroll of fog {unknown}
Potions
 d - 2 potions of curing
 f - a potion of might
 l - a potion of haste {unknown}
 m - a potion of degeneration {unknown}
 n - a potion of magic {unknown}
 t - 2 potions of attraction
 u - a potion of lignification {unknown}
 z - 2 potions of brilliance
 D - 2 potions of mutation {unknown}
 H - a potion of heal wounds {unknown}


   Skills:
 + Level 4.7 Dodging
 + Level 6.7 Stealth
 + Level 4.3 Spellcasting
 + Level 4.2 Conjurations
 + Level 5.2 Fire Magic


You had 5 spell levels left.
You knew the following spells:

 Your Spells              Type           Power      Damage    Failure   Level
a - Foxfire               Conj/Fire      88%        2x1d8     1%          1
b - Scorch                Fire           48%        2d7       2%          2
c - Flame Wave            Conj/Fire      22%        2d7       19%         4
d - Confusing Touch       Hex            4%         N/A       38%         3

Your spell library contained the following spells:

 Spells                   Type           Power      Damage    Failure   Level
 Conjure Flame            Conj/Fire      22%        6-21      5%          3
 Inner Flame              Hex/Fire       14%        N/A       14%         3
 Ignite Poison            Fire/Tmut/Pois 10%        N/A       19%         3
 Sticky Flame             Conj/Fire      22%        2d4       19%         4
 Yara's Violent Unravell  Hex/Tmut       2%         3d3       98%         5
 Enfeeble                 Hex            2%         N/A       100%        7


Dungeon Overview and Level Annotations

Branches:
Dungeon (6/15)             Temple (1/1) D:4           Sewer (visited)
Ossuary (visited)

Altars:
Ashenzari
Cheibriados
Dithmenos
Fedhas
Gozag
Hepliaklqana
Kikubaaqudgha
Okawaru
Qazlal
Sif Muna
Trog
Uskayaw
Wu Jian
Xom
The Shining One


Innate Abilities, Weirdness & Mutations

Your life essence is reduced to manifest your ancestor. (-10% HP)
You cannot wear most types of armour.
You are amphibious.
You can wear up to eight rings at the same time.
Your skin changes colour to match your surroundings (Stealth+).
Your rubbery body absorbs attacks. (AC +1, EV +1)
((You are camouflaged when in or above water. (Stealth+)))
You have tentacles for arms and can constrict up to eight enemies at once.


Message History

H - a fuming coppery potion You now have 332 gold pieces (gained 14).
Your ogre dissolves into shadows!
Your iguana dissolves into shadows!
Magic restored.
Things that are here:
a +0 dagger; an orc corpse
Things that are here:
a +0 club; a +0 short sword
Found a book of Flames.
A water moccasin comes into view.
The water moccasin closely misses you.
Casting: Scorch (safe; 2% risk of failure)
Confirm with . or Enter, or press ? or * to list all spells.
Flames lash the water moccasin.
The water moccasin is heavily wounded.
The water moccasin's fire resistance burns away.
The water moccasin bites you!
You are poisoned.
The water moccasin poisons you! The water moccasin bites you.
You are more poisoned.
The water moccasin poisons you!
You barely miss the water moccasin. Your grab misses the water moccasin.
The water moccasin is heavily wounded.
You feel very sick.
Kenrick misses the water moccasin.
The water moccasin barely misses you.
You puncture the water moccasin! Your grab misses the water moccasin.
The water moccasin is almost dead.
You feel very sick. The water moccasin bites you!
* * * LOW HITPOINT WARNING * * *
You are more poisoned.
The water moccasin poisons you!
Kenrick hits the water moccasin.
The water moccasin bites you.
* * * LOW HITPOINT WARNING * * *
Casting: Scorch (safe; 2% risk of failure)
Confirm with . or Enter, or press ? or * to list all spells.
Flames lash the water moccasin.
The water moccasin is burned terribly!
You kill the water moccasin!
You die...

#### ########
##....######......#
.......<..........######
##.##...#.#.........##..
###.#.#...).....##.#
#.#.#.#...).....##.# #
#.#.#.##........#...
....#..R#.##............
....:.†@................
###.#.###.###..#....#...
# #......#.#####+#
......#...# ###...#..##
#...##.# #...##.# #...#
.. #. #.


You could see the friendly Kenrick the ancestor.

Vanquished Creatures
  Grinder (D:3)
  A water moccasin (D:6)
  Pargi (Sewer)
  A centaur (D:5)
  A bullfrog (D:5)
  A scorpion (D:5)
  A water moccasin zombie (D:5)
  A water moccasin skeleton (D:5)
  A bullfrog zombie (D:5)
  A hound (D:4)
  4 orc priests
  A centaur skeleton (D:4)
  Jessica (D:2)
  2 iguanas (D:5)
  An orc wizard (D:3)
  A hound skeleton (D:4)
  4 gnolls (D:4)
  4 adders
  A river rat (D:3)
  A shadow imp (D:5)
  A white imp (D:5)
  An ufetubus (D:3)
  2 worms
  A dart slug (D:4)
  14 orcs
  5 bats
  7 endoplasms
  3 giant cockroaches
  7 goblins
  6 hobgoblins
  A jackal (Sewer)
  4 quokkas
  4 ball pythons
  5 frilled lizards
  A goblin zombie (D:5)
  3 kobolds
  2 orc zombies (Ossuary)
  A quokka skeleton (D:4)
  A quokka zombie (D:5)
  6 rats
105 creatures vanquished.

Vanquished Creatures (collateral kills)
  An orc priest (D:6)
  2 orcs
  A foxfire (D:1)
4 creatures vanquished.

Vanquished Creatures (others)
  127 foxfires
  A plant (D:1)
128 creatures vanquished.

Grand Total: 237 creatures vanquished

Notes
Turn   | Place    | Note
-------+----------+-------------------------------------------
     0 | D:1      | croobank the Octopode Fire Elementalist began the quest for
                  | the Orb.
     0 | D:1      | Reached XP level 1. HP: 11/11 MP: 3/3
   242 | D:1      | Found a faded altar of an unknown god.
   301 | D:1      | Reached XP level 2. HP: 17/17 MP: 1/5
   304 | D:1      | Learned a level 2 spell: Scorch
   382 | D:1      | Reached skill level 3 in Stealth
   831 | D:2      | Noticed Jessica
   835 | D:2      | Killed Jessica
   836 | D:2      | Reached XP level 3. HP: 21/21 MP: 0/6
  1726 | D:3      | Reached XP level 4. HP: 27/27 MP: 7/7
  1745 | D:3      | Learned a level 4 spell: Flame Wave
  1763 | D:3      | Found a glowing drain.
  1768 | Sewer    | Entered a sewer
  1822 | Sewer    | Noticed Pargi
  1828 | Sewer    | Killed Pargi
  1829 | Sewer    | Reached skill level 4 in Stealth
  1829 | Sewer    | Reached XP level 5. HP: 31/31 MP: 0/9
  2637 | D:3      | Reached XP level 6. HP: 36/36 MP: 8/10
  2693 | D:3      | Noticed Grinder
  2701 | D:3      | Killed Grinder
  2702 | D:3      | Reached skill level 5 in Stealth
  3225 | D:4      | Reached XP level 7. HP: 41/41 MP: 9/12
  3256 | D:4      | Learned a level 3 spell: Confusing Touch
  3472 | D:5      | Entered Level 5 of the Dungeon
  3579 | D:5      | Found a sand-covered staircase.
  3590 | Ossuary  | Entered an ossuary
  4909 | D:4      | Found a staircase to the Ecumenical Temple.
  4935 | Temple   | Entered the Ecumenical Temple
  4963 | Temple   | Became a worshipper of Hepliaklqana the Forgotten
  5391 | D:5      | Reached skill level 6 in Stealth
  5391 | D:5      | Reached XP level 8. HP: 33/46 MP: 4/13
  5605 | D:5      | Reached skill level 5 in Fire Magic
  6077 | D:5      | Reached * piety under Hepliaklqana
  6335 | D:6      | Succumbed to a water moccasin's poison

Illustrated notes

Levels and vault maps discovered:
D:1:      dpeg_arrival_simpleton_b, layout_rooms,
          hellmonk_ecumenical_altar_heavens_door, serial_forest,
          infiniplex_forest_straight_2, infiniplex_forest_end_2,
          infiniplex_forest_clump_small, infiniplex_forest_clump_large,
          infiniplex_forest_straight_4, infiniplex_forest_straight_4,
          lemuel_another_geyser
D:2:      layout_basic, uniq_jessica
D:3:      layout_basic, gup_sewer_entry_spiral, roderic_lattice_a, uniq_grinder
D:4:      layout_cave_pools, minmay_temple_entry_trees
D:5:      kennysheep_spiral_hall, layout_loops_corners, enter_ossuary_4
D:6:      layout_basic, overflow_temple_1_default, nicolae_stop_n_shop_2,
          uniq_blork_the_orc, uniq_maggie
Temple:   nicolae_temple_the_god_donut

Skill      XL: |  1  2  3  4  5  6  7  8 |
---------------+-------------------------+-----
Stealth        | 3 4 5 6 |  6.7
Dodging        | 3 4 |  4.7
Conjurations   | 2 3 4 |  4.2
Spellcasting   | 3 4 |  4.3
Fire Magic     | 4 5 |  5.2

Action                   |  1- 3 |  4- 6 |  7- 9 || total
-------------------------+-------+-------+-------++-------
Melee: Unarmed           |     4 |       |       ||     4
       Tentacles         |     7 |     5 |     5 ||    17
       Short sword       |    24 |    23 |    35 ||    82
       Constrict         |     2 |     5 |    11 ||    18
       Punch             |     1 |       |       ||     1
 Cast: Foxfire           |    28 |    16 |    34 ||    78
       Scorch            |     4 |    15 |    50 ||    69
       Flame Wave        |       |       |     2 ||     2
  Use: Scroll            |     1 |     1 |    14 ||    16
       Potion            |       |       |     3 ||     3
 Stab: Sleeping          |     4 |     4 |     2 ||    10
Armor: Skin              |       |     1 |     4 ||     5
Dodge: Dodged            |     5 |    23 |    56 ||    84
